[Event "Titled Tuesday Blitz May 10 Early 2022"]
[White "Odegov, Artem"]
[Black "Melian, Juan Sebastian"]
[WhiteFideId "34183644"]
[BlackFideId "3706575"]
[WhiteElo "2286"]
[BlackElo "1851"]
[Result "0-1"]
[Round "11"]
[TimeControl "180+1"]
[Date "2022.05.11"]
[WhiteClock "0:00:09"]
[BlackClock "0:00:10"]

1. d4 g6 2. c4 Bg7 3. Nc3 d6 4. e4 Nc6 5. d5 Nd4 6. Be3 c5 7. dxc6 Nxc6 8. Nf3 Nf6 9. Be2 O-O 10. O-O Ng4 11. Bg5 Be6 12. Qd2 Nge5 13. Nxe5 Nxe5 14. b3 Rc8 15. Rad1 Re8 16. f4 Qb6+ 17. Kh1 Nc6 18. f5 Bd7 19. Nd5 Qd8 20. f6 exf6 21. Rxf6 Qa5 22. Qf4 Ne5 23. Bh6 Qxa2 24. Rf1 Be6 25. Bd1 Nd3 26. Qe3 Bxd5 27. cxd5 Bxh6 28. Qxh6 Re7 29. Bg4 Rce8 30. Be6 Ne5 31. h4 Qe2 32. h5 Qxh5+ 33. Qxh5 gxh5 34. Bf5 Kg7 35. Rxd6 Nd3 36. Rd7 Rxd7 37. Bxd7 Rxe4 38. Bf5 Rd4 39. Be4 Rxe4 40. Rd1 Rd4 41. Kh2 Rxd5 42. Rd2 Nf4 43. Rf2 Ng6 44. Rf3 Rb5 45. Re3 a6 46. Rd3 h4 47. Rc3 Kf6 48. Rc7 Rxb3 49. Rc8 Rb5 50. Rc7 Kg7 51. Rc8 a5 52. Rc7 a4 53. Rxb7 Rxb7 0-1


[Site "https://www.chess.com"]

[Event "Titled Tuesday Blitz May 10 Early 2022"]
[White "Oganian, Miran"]
[Black "Bortnyk, Olexandr"]
[WhiteFideId "4122488"]
[BlackFideId "14120828"]
[WhiteElo "2357"]
[BlackElo "2723"]
[Result "0-1"]
[Round "11"]
[TimeControl "180+1"]
[Date "2022.05.10"]
[WhiteClock "0:00:16"]
[BlackClock "0:01:18"]

1. d4 d6 2. Nc3 Nf6 3. e4 e5 4. Nge2 Nbd7 5. h3 c6 6. a4 d5 7. exd5 cxd5 8. Bg5 Bb4 9. g3 Qa5 10. Bg2 Ne4 11. Be3 Nxc3 12. Nxc3 Bxc3+ 13. bxc3 Qxc3+ 14. Kf1 e4 15. Rb1 Qc4+ 16. Kg1 Qxa4 17. Kh2 O-O 18. Qd2 Nb6 19. Bf4 Nc4 20. Qe2 b6 21. f3 e3 22. g4 Re8 23. c3 a5 24. Bg3 Ba6 25. Qe1 e2 26. f4 Ne3 27. f5 Qc2 28. Bf3 Qd3 29. Qf2 Nf1+ 30. Kg2 Qxb1 31. f6 e1=Q 0-1


[Site "https://www.chess.com"]

[Event "Titled Tuesday Blitz May 10 Early 2022"]
[White "Omelja, Artem"]
[Black "Buscar, Michael"]
[WhiteFideId "14119846"]
[BlackFideId "2603616"]
[WhiteElo "2382"]
[BlackElo "2010"]
[Result "1-0"]
[Round "11"]
[TimeControl "180+1"]
[Date "2022.05.11"]
[WhiteClock "0:00:23"]
[BlackClock "0:00:04"]

1. d4 d5 2. c4 e6 3. Nc3 Nf6 4. cxd5 exd5 5. Bg5 a6 6. e3 Be7 7. Bd3 O-O 8. Qc2 Nbd7 9. Nf3 c6 10. O-O Re8 11. Rab1 Nf8 12. b4 g6 13. a4 Ne6 14. Bh4 Ng7 15. b5 cxb5 16. axb5 a5 17. b6 Bf5 18. Bxf5 Nxf5 19. Bxf6 Bxf6 20. Nb5 Re6 21. Nc7 Rc6 22. Qa2 Rc4 23. Nxa8 Qxa8 24. Rb5 a4 25. Rxd5 Rc6 26. Rb5 Nd6 27. Rb4 a3 28. h3 Ne4 29. Rb3 Be7 30. Ne5 Rc8 31. Ra1 Qa6 32. f3 1-0


[Site "https://www.chess.com"]

[Event "Titled Tuesday Blitz May 10 Early 2022"]
[White "Oparin, Grigoriy"]
[Black "Hambleton, Aman"]
[WhiteFideId "24125890"]
[BlackFideId "2606577"]
[WhiteElo "2665"]
[BlackElo "2552"]
[Result "1-0"]
[Round "11"]
[TimeControl "180+1"]
[Date "2022.05.10"]
[WhiteClock "0:00:17"]
[BlackClock "0:00:01"]

1. g3 d5 2. Nf3 c6 3. Bg2 Nf6 4. c4 Bf5 5. Qb3 Qb6 6. cxd5 Qxb3 7. axb3 Bxb1 8. Rxb1 Nxd5 9. Ne5 Nd7 10. Nc4 e6 11. O-O Bb4 12. d4 O-O 13. e4 N5f6 14. Be3 Rfd8 15. Rfd1 Nb6 16. h3 h6 17. Ra1 Nbd7 18. f4 a6 19. g4 Nf8 20. Kf2 Re8 21. Kg3 Be7 22. h4 Bd8 23. g5 hxg5 24. hxg5 Nh5+ 25. Kf2 Bc7 26. Kf3 Ng6 27. e5 Nh4+ 28. Kf2 Nxg2 29. Kxg2 g6 30. Rh1 Ng7 31. Bf2 Kf8 32. Nd2 Ke7 33. Ne4 Nf5 34. Rac1 Red8 35. Rhd1 Rab8 36. Nf6 Ba5 37. Kf3 Bb4 38. Rc4 Ba5 39. b4 Bc7 40. Rcc1 Rh8 41. Rh1 Rbd8 42. Ke4 Rxh1 43. Rxh1 Bb6 44. Rd1 Bc7 45. Kf3 Rh8 46. Kg2 Rd8 47. Ne4 Bb6 48. Ng3 Nxg3 49. Kxg3 Rd5 50. Kf3 Rb5 51. Be1 a5 52. bxa5 Bxa5 53. Bc3 Bc7 54. Ra1 c5 55. dxc5 Kd7 56. Bd4 Rb3+ 57. Ke4 Kc6 58. Rh1 Kd7 59. Rh7 Ke7 60. Rh8 Rb4 61. Kd3 Bd8 62. c6 Rb5 63. b4 bxc6 64. Bc5+ Kd7 65. Rf8 Bb6 66. Rxf7+ Kd8 67. Rf6 Bxc5 68. bxc5 Ke7 69. Kc4 Ra5 70. Kd4 Ra4+ 71. Ke3 Ra3+ 72. Ke4 Ra4+ 73. Kf3 Rc4 74. Rxg6 Rxc5 75. Rg7+ Kf8 76. Rc7 Rc1 77. Kg4 c5 78. g6 Rg1+ 79. Kh5 1-0


[Site "https://www.chess.com"]

[Event "Titled Tuesday Blitz May 10 Early 2022"]
[White "Ovezdurdyyeva, Jemal"]
[Black "Omariev, Maksim"]
[WhiteFideId "14001888"]
[BlackFideId "4193423"]
[WhiteElo "1946"]
[BlackElo "2488"]
[Result "1/2-1/2"]
[Round "11"]
[TimeControl "180+1"]
[Date "2022.05.11"]
[WhiteClock "0:00:13"]
[BlackClock "0:00:05"]

1. e4 h5 2. h4 c6 3. d4 d5 4. exd5 cxd5 5. Be2 Nc6 6. c3 Nf6 7. Bg5 Bg4 8. Bxf6 gxf6 9. Bxg4 hxg4 10. Qxg4 e6 11. Nd2 f5 12. Qh3 Qa5 13. Qd3 Be7 14. Ngf3 O-O-O 15. Nb3 Qa4 16. Qc2 Kb8 17. g3 Rc8 18. Qd1 f4 19. Nc5 Qb5 20. Nd7+ Ka8 21. Qd2 fxg3 22. fxg3 Bd6 23. Nde5 f6 24. Nxc6 Bxg3+ 25. Kd1 Rxc6 26. Kc2 e5 27. dxe5 fxe5 28. Rad1 d4 29. Qd3 Qa4+ 30. Kb1 Ra6 31. a3 Rb6 32. cxd4 Rb3 33. Qc2 Qxa3 34. Nxe5 Qb4 35. Nd3 Qb5 36. Rc1 Qxd3 37. h5 a5 38. h6 Rh7 39. Qxd3 Rxd3 40. Rc8+ Ka7 41. Rc5 b6 42. Rg5 Ka6 43. Rg7 Rh8 44. h7 Bf2 45. Rf1 Bxd4 46. Rd7 Rd2 47. Rff7 a4 48. Ra7+ Kb5 49. Kc1 Rxb2 50. Rf5+ Kb4 51. Rf4 Kc3 52. Rxd4 Rc2+ 53. Kb1 Rb2+ 54. Kc1 Kxd4 55. Kxb2 b5 56. Ka3 Kc4 57. Rc7+ Kd5 58. Kb4 Kd6 59. Ra7 Kc6 60. Rg7 Kb6 61. Rg6+ Kb7 62. Kxb5 a3 63. Rg3 Rxh7 64. Rxa3 Rh5+ 65. Kb4 Rh4+ 66. Kb3 Rh5 67. Ra4 Kb6 68. Rb4+ Kc6 69. Re4 Rh3+ 70. Kc4 Rh5 71. Rg4 Kd6 72. Kd4 Kc6 73. Rg6+ Kc7 74. Rg8 Kc6 75. Rg6+ Kc7 76. Rg7+ Kc6 77. Rg6+ 1/2-1/2


[Site "https://www.chess.com"]

[Event "Titled Tuesday Blitz May 10 Early 2022"]
[White "Petrov, Martin"]
[Black "Gharibyan, Mamikon"]
[WhiteFideId "2911086"]
[BlackFideId "13308300"]
[WhiteElo "2343"]
[BlackElo "2254"]
[Result "0-1"]
[Round "11"]
[TimeControl "180+1"]
[Date "2022.05.10"]
[WhiteClock "0:00:03"]
[BlackClock "0:00:13"]

1. d4 d5 2. Nf3 Nf6 3. e3 c5 4. Nbd2 Nc6 5. b3 Bf5 6. Bb2 e6 7. a3 h6 8. Be2 Bd6 9. O-O O-O 10. dxc5 Bxc5 11. b4 Bb6 12. c4 d4 13. c5 d3 14. Bxf6 gxf6 15. e4 Bg6 16. cxb6 axb6 17. Nc4 Bxe4 18. Nfd2 dxe2 19. Qxe2 Bg6 20. Rfd1 b5 21. Nf3 Qc7 22. Nd6 Rfd8 23. Nxb5 Rxd1+ 24. Rxd1 Qf4 25. Nd6 Rxa3 26. Nxb7 Nxb4 27. Nc5 Nd5 28. Nxe6 fxe6 29. Qxe6+ Bf7 30. Qc8+ Kg7 31. h3 Ra2 32. Qc5 Qc7 33. Qd4 h5 34. Qe4 Nc3 0-1


[Site "https://www.chess.com"]

[Event "Titled Tuesday Blitz May 10 Early 2022"]
[White "Piesik, Piotr"]
[Black "Raahul V S"]
[WhiteFideId "1136194"]
[BlackFideId "25035525"]
[WhiteElo "2190"]
[BlackElo "2185"]
[Result "0-1"]
[Round "11"]
[TimeControl "180+1"]
[Date "2022.05.11"]
[WhiteClock "0:01:03"]
[BlackClock "0:00:12"]

1. Nf3 Nf6 2. g3 b5 3. Bg2 Bb7 4. O-O e6 5. d3 c5 6. Nbd2 d6 7. e4 Be7 8. a4 b4 9. Nb3 O-O 10. Nfd2 Nc6 11. a5 Rc8 12. Nc4 d5 13. Ne3 Nd4 14. exd5 Nxb3 15. cxb3 Nxd5 16. Nc4 Ba8 17. d4 cxd4 18. Qxd4 Qc7 19. Qg4 Bf6 20. Bg5 Qe7 21. Bd2 Rfd8 22. Rfe1 Rc5 23. Rad1 g6 24. Bh6 Rcc8 25. h4 Bg7 26. Bxg7 Kxg7 27. h5 Qf6 28. Rd4 Ne7 29. Red1 Rxd4 30. Qxd4 Qxd4 31. Rxd4 Bxg2 32. Kxg2 Nd5 33. hxg6 hxg6 34. Ne3 Nxe3+ 35. fxe3 Rc5 36. Rxb4 Rxa5 37. Rb7 Ra2 38. Kf3 Rxb2 39. Rxa7 Rxb3 40. g4 g5 41. Ra5 Kg6 42. Rc5 Rd3 43. Ra5 f5 44. Ra6 fxg4+ 45. Ke4 Rd1 46. Rxe6+ Kh5 47. Re8 Kh4 48. Rh8+ Kg3 49. Ke5 Kf3 50. e4 g3 51. Rg8 Kg4 52. Kf6 Rf1+ 53. Ke6 g2 0-1


[Site "https://www.chess.com"]

[Event "Titled Tuesday Blitz May 10 Early 2022"]
[White "Piliczewski, Bogusz"]
[Black "Dmitrenko, Viktor"]
[WhiteFideId "1104144"]
[BlackFideId "14110270"]
[WhiteElo "1896"]
[BlackElo "2218"]
[Result "1-0"]
[Round "11"]
[TimeControl "180+1"]
[Date "2022.05.11"]
[WhiteClock "0:00:04"]
[BlackClock "0:00:09"]

1. d4 e6 2. Nf3 b6 3. Bf4 Bb7 4. e3 f5 5. Be2 Nf6 6. O-O Be7 7. h3 O-O 8. Nbd2 d6 9. c3 Qe8 10. Qb3 Bd8 11. Ng5 Nd5 12. Bf3 h6 13. Nxe6 Qxe6 14. c4 c6 15. cxd5 cxd5 16. Rac1 Nd7 17. Rc3 Nf6 18. Rfc1 g5 19. Bh2 g4 20. hxg4 fxg4 21. Be2 Rf7 22. Qa3 Rd7 23. Bb5 Rf7 24. Qxd6 Qf5 25. Qe5 Qg6 26. Bg3 Nd7 27. Qd6 Qxd6 28. Bxd6 Nf6 29. Bc6 Bxc6 30. Rxc6 Rd7 31. Be5 Kf7 32. Bxf6 Bxf6 33. Rc7 Rd8 34. Rxd7+ Rxd7 35. Rc8 Be7 36. g3 Bb4 37. Nb3 a5 38. a3 Be7 39. Nc1 Bd6 40. Nd3 Rc7 41. Rxc7+ Bxc7 42. Nf4 Bxf4 43. exf4 Ke6 44. Kg2 Kf5 45. f3 h5 46. Kf2 a4 47. Ke3 b5 48. Kf2 Kf6 49. fxg4 hxg4 50. Ke3 Kf5 51. Kd3 Ke6 52. Kc3 Kf5 53. Kb4 Ke4 54. Kxb5 Kxd4 55. Kxa4 Ke4 56. Kb3 Kf3 57. f5 Kxg3 58. f6 Kh2 59. f7 g3 60. f8=Q g2 61. Qh6+ Kg3 62. Qg5+ Kf2 63. Qf4+ Ke2 64. Qg3 1-0


[Site "https://www.chess.com"]

[Event "Titled Tuesday Blitz May 10 Early 2022"]
[White "Polster, Christian"]
[Black "Matveeva, Olga"]
[WhiteFideId "12965081"]
[BlackFideId "24107018"]
[WhiteElo "2288"]
[BlackElo "2052"]
[Result "0-1"]
[Round "11"]
[TimeControl "180+1"]
[Date "2022.05.11"]
[WhiteClock "0:00:03"]
[BlackClock "0:00:38"]

1. b3 Nf6 2. Bb2 e6 3. Nf3 d5 4. e3 Be7 5. Be2 O-O 6. O-O c5 7. c4 Nc6 8. cxd5 Nxd5 9. d4 cxd4 10. Nxd4 Nxd4 11. Bxd4 Bf6 12. Bf3 Nb6 13. Nc3 Bxd4 14. Qxd4 Qxd4 15. exd4 Rd8 16. Rfd1 Rb8 17. a4 a5 18. Rac1 Bd7 19. d5 exd5 20. Nxd5 Nxd5 21. Bxd5 Kf8 22. f4 Bg4 23. Rd2 b5 24. Rc5 bxa4 25. bxa4 Rb4 26. Rxa5 Rxf4 27. Ra2 Be6 28. Rd2 Bxd5 29. Raxd5 Rxd5 30. Rxd5 Rxa4 31. Rd2 Ke7 32. Kf2 Ra3 33. Re2+ Kf6 34. Rb2 g6 35. Rb6+ Kg7 36. Rb7 h5 37. Rb2 Kf6 38. Rb6+ Kg5 39. Rb5+ f5 40. Rb2 h4 41. Rb6 h3 42. gxh3 Rxh3 43. Kg2 Ra3 44. Rc6 Kh5 45. Rc5 Kg4 46. Rc4+ f4 0-1


[Site "https://www.chess.com"]

[Event "Titled Tuesday Blitz May 10 Early 2022"]
[White "Pourkashiyan, Atousa"]
[Black "Navalgund, Niranjan"]
[WhiteFideId "12502014"]
[BlackFideId "5030854"]
[WhiteElo "2247"]
[BlackElo "2290"]
[Result "1-0"]
[Round "11"]
[TimeControl "180+1"]
[Date "2022.05.11"]
[WhiteClock "0:00:16"]
[BlackClock "0:00:09"]

1. e4 b6 2. d4 Bb7 3. Nc3 e6 4. Nf3 d6 5. Bd3 Nd7 6. O-O Ne7 7. Be3 g6 8. Qd2 Bg7 9. Bh6 O-O 10. Bxg7 Kxg7 11. Rfe1 h6 12. Rad1 f5 13. d5 e5 14. exf5 Nxf5 15. Bxf5 gxf5 16. Re3 f4 17. Re2 Nf6 18. Nh4 Qd7 19. Qd3 Qg4 20. Nf5+ Kh8 21. Nxh6 Qh5 22. Nf5 Rg8 23. Ne7 Rg7 24. Qf5 f3 25. Re3 Rxg2+ 26. Kf1 Rxf2+ 27. Kxf2 Ng4+ 28. Ke1 Qh4+ 29. Kd2 Qf2+ 30. Re2 fxe2 31. Qh5+ Kg7 32. Qxg4+ Kf7 33. Qxe2 Qxe2+ 34. Nxe2 Kxe7 35. Rg1 Kf6 36. Rf1+ Kg5 37. c4 Rh8 38. Rf2 Rh3 39. Ng3 b5 40. b3 bxc4 41. bxc4 Ba6 42. Kc3 Bb7 43. Rf7 Rxh2 44. Rxc7 Bxd5 45. cxd5 Rh3 46. Rxa7 Rxg3+ 47. Kc4 Rg2 48. a4 Ra2 49. Kb3 Ra1 50. Rd7 Kf5 51. Rxd6 e4 52. Re6 e3 53. Rxe3 Rd1 54. Kc4 Ra1 55. Kb5 Rd1 56. Kc5 Ra1 57. Kb5 Rd1 58. Rc3 Rxd5+ 59. Rc5 Ke6 60. Rxd5 Kxd5 61. a5 Kd6 62. Kb6 Kd7 63. Kb7 Kd6 64. a6 1-0


[Site "https://www.chess.com"]

[Event "Titled Tuesday Blitz May 10 Early 2022"]
[White "Priyanka, K"]
[Black "Zherebtsova, Alexandra"]
[WhiteFideId "5082986"]
[BlackFideId "24129518"]
[WhiteElo "1905"]
[BlackElo "2025"]
[Result "1-0"]
[Round "11"]
[TimeControl "180+1"]
[Date "2022.05.11"]
[WhiteClock "0:00:54"]
[BlackClock "0:00:21"]

1. e4 e5 2. Nf3 Nc6 3. Bb5 a6 4. Ba4 Nf6 5. d3 d6 6. Nc3 g6 7. Nd5 b5 8. Bb3 Nxd5 9. Bxd5 Bd7 10. Ng5 Bg7 11. Nxf7 Qe7 12. Bg5 Bf6 13. Bxf6 Qxf6 14. Nxh8 Qxh8 15. O-O Qf6 16. c3 Ke7 17. Qf3 Qg7 18. Qe3 Rf8 19. Bxc6 Bxc6 20. Qa7 Kd7 21. Rae1 h5 22. Qe3 g5 23. d4 exd4 24. Qxd4 Qg6 25. e5 Rf4 26. e6+ Kc8 27. Qh8+ Kb7 28. e7 Rg4 29. f3 Qc2 30. Rf2 1-0


[Site "https://www.chess.com"]

[Event "Titled Tuesday Blitz May 10 Early 2022"]
[White "Qashashvili, Alexandre"]
[Black "Barria Zuniga, Daniel"]
[WhiteFideId "13600842"]
[BlackFideId "3400816"]
[WhiteElo "2316"]
[BlackElo "2414"]
[Result "1/2-1/2"]
[Round "11"]
[TimeControl "180+1"]
[Date "2022.05.11"]
[WhiteClock "0:00:42"]
[BlackClock "0:00:10"]

1. e4 g6 2. Nc3 Bg7 3. Nf3 c5 4. d3 Nc6 5. Be3 d6 6. Qd2 Rb8 7. a4 a6 8. Be2 b5 9. axb5 axb5 10. O-O b4 11. Nd1 Nf6 12. Bh6 O-O 13. Bxg7 Kxg7 14. Ne3 e5 15. h3 h6 16. Nh2 Be6 17. Bg4 Nxg4 18. Nexg4 Qg5 19. f4 exf4 20. Rxf4 Ne5 21. Qf2 Bxg4 22. Nxg4 Nxg4 23. Rxg4 Qe5 24. Rb1 f5 25. exf5 Rxf5 26. Qg3 Qxg3 27. Rxg3 Re8 28. Rf1 Kf6 29. Rxf5+ gxf5 30. Rf3 Kg5 31. Kf1 h5 32. b3 h4 33. Kf2 f4 34. Kf1 Kf5 35. Rf2 Re3 36. Re2 Ke5 37. Rf2 Rg3 38. Re2+ Re3 39. Rf2 d5 40. Rf3 Rxf3+ 41. gxf3 Kd4 42. Ke2 Kc3 43. Kd1 c4 44. dxc4 dxc4 45. bxc4 Kxc4 46. Ke2 Kd4 47. Kd2 Kc4 48. Ke2 Kc3 49. Kd1 Kc4 50. Ke2 1/2-1/2


[Site "https://www.chess.com"]

[Event "Titled Tuesday Blitz May 10 Early 2022"]
[White "Rahman, Adel"]
[Black "Petre, Nad-Titus"]
[WhiteFideId "14204177"]
[BlackFideId "1204165"]
[WhiteElo "2175"]
[BlackElo "2354"]
[Result "1-0"]
[Round "11"]
[TimeControl "180+1"]
[Date "2022.05.11"]
[WhiteClock "0:00:38"]
[BlackClock "0:00:37"]

1. e4 c6 2. d4 d5 3. e5 Bf5 4. h4 h5 5. Bd3 Bxd3 6. Qxd3 Qa5+ 7. Nd2 e6 8. Nf3 Qa6 9. c4 Nh6 10. O-O Nf5 11. b3 Be7 12. a4 c5 13. dxc5 Nc6 14. Ba3 Nxh4 15. Nxh4 Bxh4 16. Qh3 Be7 17. cxd5 exd5 18. e6 f6 19. Qf5 O-O-O 20. Rfe1 Nd4 21. Qb1 Ne2+ 22. Kh1 h4 23. b4 Nc3 24. Qc2 Nxa4 25. Bb2 h3 26. g3 d4 27. Qxa4 Qd3 28. Qd1 f5 29. Qe2 Qc2 30. Nf3 Qb3 31. Rxa7 g5 32. Nxd4 Rxd4 33. Bxd4 Qd5+ 34. f3 1-0


[Site "https://www.chess.com"]

[Event "Titled Tuesday Blitz May 10 Early 2022"]
[White "Rohith Krishna S"]
[Black "Yilmaz, Mustafa"]
[WhiteFideId "46617051"]
[BlackFideId "6302718"]
[WhiteElo "2117"]
[BlackElo "2568"]
[Result "0-1"]
[Round "11"]
[TimeControl "180+1"]
[Date "2022.05.10"]
[WhiteClock "0:00:28"]
[BlackClock "0:00:20"]

1. d4 Nf6 2. c4 g6 3. Nc3 Bg7 4. Nf3 O-O 5. g3 d5 6. cxd5 Nxd5 7. Bd2 Nc6 8. e3 e5 9. dxe5 Nxe5 10. Nxe5 Bxe5 11. Bg2 Nxc3 12. Bxc3 Bxc3+ 13. bxc3 Qe7 14. O-O c6 15. a4 Be6 16. a5 Bc4 17. Re1 Rfd8 18. Qa4 Bb5 19. Qb3 Rd2 20. Rad1 Rad8 21. Rxd2 Rxd2 22. Rd1 Qe6 23. Qb1 Qd6 24. Bf3 h5 25. e4 Ba4 26. Rxd2 Qxd2 27. c4 Bc2 28. Qa1 Qd3 29. Kg2 Qxc4 30. Qf6 Bxe4 31. h4 Bxf3+ 32. Kxf3 Qd5+ 33. Kf4 Qxa5 34. f3 Qf5+ 35. Qxf5 gxf5 36. Kxf5 a5 37. g4 hxg4 38. fxg4 a4 39. Ke4 a3 0-1


[Site "https://www.chess.com"]

[Event "Titled Tuesday Blitz May 10 Early 2022"]
[White "Rustemov, Alexander"]
[Black "Santos Ruiz, Miguel"]
[WhiteFideId "4119002"]
[BlackFideId "22291482"]
[WhiteElo "2729"]
[BlackElo "2486"]
[Result "1/2-1/2"]
[Round "11"]
[TimeControl "180+1"]
[Date "2022.05.10"]
[WhiteClock "0:00:10"]
[BlackClock "0:00:02"]

1. d4 f5 2. g3 Nf6 3. Bg2 e6 4. Nf3 d5 5. Bf4 Be7 6. O-O O-O 7. c4 c6 8. Nbd2 Nbd7 9. Ne5 Nxe5 10. Bxe5 Bd7 11. Qc2 Ng4 12. Nf3 Nxe5 13. Nxe5 Bf6 14. f4 Bxe5 15. dxe5 Qb6+ 16. c5 Qc7 17. Rfc1 b5 18. a4 Rfb8 19. e3 a5 20. Bf1 b4 21. Bd3 Bc8 22. Qd2 Ba6 23. Bc2 Kh8 24. b3 g5 25. Bd1 Rg8 26. Bf3 Rg6 27. Kf2 Rh6 28. Rh1 Rg8 29. Rag1 Qe7 30. Qd4 Rhg6 31. h3 Qg7 32. Bh5 gxf4 33. Bxg6 fxe3+ 34. Kxe3 Qxg6 35. Qf4 d4+ 36. Kd2 Qe8 37. g4 fxg4 38. hxg4 Rf8 39. Qh6 Rf2+ 40. Ke1 Qf7 41. Rh2 Rf1+ 42. Rxf1 Qxf1+ 43. Kd2 Qd3+ 44. Ke1 Qf1+ 45. Kd2 Qd3+ 46. Ke1 Qf1+ 1/2-1/2


[Site "https://www.chess.com"]

[Event "Titled Tuesday Blitz May 10 Early 2022"]
[White "Sadhwani, Raunak"]
[Black "Lashkin, Jegor"]
[WhiteFideId "35093487"]
[BlackFideId "13907808"]
[WhiteElo "2616"]
[BlackElo "2368"]
[Result "0-1"]
[Round "11"]
[TimeControl "180+1"]
[Date "2022.05.10"]
[WhiteClock "0:00:03"]
[BlackClock "0:00:07"]

1. e4 c5 2. Nf3 d6 3. Bb5+ Nd7 4. Ba4 Nf6 5. O-O a6 6. c4 e6 7. Nc3 Be7 8. d4 cxd4 9. Nxd4 O-O 10. Qe2 Qc7 11. Be3 Nb6 12. Bb3 Bd7 13. Rac1 Rac8 14. f4 Rfe8 15. f5 Nxc4 16. fxe6 fxe6 17. Bf2 b5 18. Kh1 d5 19. a4 b4 20. exd5 bxc3 21. dxe6 Bxa4 22. Bxa4 cxb2 23. Bxe8 bxc1=Q 24. Bf7+ Kh8 25. Rxc1 a5 26. Nb5 Qf4 27. Rc2 Qe4 28. Qxe4 Nxe4 29. Bd4 Ncd6 30. Rxc8+ Nxc8 31. Kg1 Bf6 32. Kf1 Bxd4 33. Nxd4 g6 34. Be8 Kg7 35. Bd7 Ne7 36. Ke2 Kf6 37. Ke3 Nc5 38. g4 g5 39. Kd2 Nd5 40. Bc6 Nf4 41. e7 Kxe7 42. Nf3 Kf6 43. Kc3 Nfe6 44. Kc4 h6 45. Bd5 a4 46. Kb4 a3 47. Kxa3 Nd3 48. Kb3 Ne5 49. Nd2 Nf4 50. Bf3 Nxf3 51. Nxf3 Ng6 52. Kc3 Ne5 53. Nd4 Nxg4 54. h4 gxh4 55. Kd3 h3 56. Ne2 h2 57. Ng3 Ke5 58. Ke2 Kf4 59. Nh1 h5 60. Ke1 Kf3 61. Kf1 h4 62. Ke1 Kg2 0-1


[Site "https://www.chess.com"]

[Event "Titled Tuesday Blitz May 10 Early 2022"]
[White "Sahil, Tickoo"]
[Black "Iljin, Timofey"]
[WhiteFideId "5019710"]
[BlackFideId "14110180"]
[WhiteElo "2099"]
[BlackElo "2404"]
[Result "1/2-1/2"]
[Round "11"]
[TimeControl "180+1"]
[Date "2022.05.11"]
[WhiteClock "0:00:11"]
[BlackClock "0:01:25"]

1. d4 d5 2. c4 e5 3. dxe5 d4 4. Nf3 Nc6 5. Nbd2 Nge7 6. Nb3 Nf5 7. e4 dxe3 8. Qxd8+ Nxd8 9. fxe3 a5 10. Nbd4 Bb4+ 11. Kf2 O-O 12. Bd3 Ne7 13. a3 Bc5 14. Bd2 a4 15. Bb4 b6 16. Bxc5 bxc5 17. Nb5 Ne6 18. Be4 Rb8 19. Rab1 Ba6 20. Bd3 Nc6 21. Rhc1 Na5 22. Nd2 f6 23. exf6 Rxf6+ 24. Ke2 Nc6 25. Rf1 Rh6 26. h3 Ne5 27. Nc3 Nxd3 28. Kxd3 Rd8+ 29. Kc2 Rg6 30. Rf2 Rg3 31. Re1 h5 32. Nxa4 Bb7 33. Ree2 h4 34. Nc3 Ng5 35. b4 cxb4 36. axb4 Re8 37. Nd5 c6 38. Nc3 Rexe3 39. Rxe3 Rxe3 40. Rf4 Rg3 41. Rxh4 Rxg2 42. Rg4 Rxg4 43. hxg4 Kf7 44. b5 cxb5 45. cxb5 Ke6 46. Kd3 Ke5 47. Ke3 Nf7 48. Nc4+ Ke6 49. Kf4 g5+ 50. Ke3 Nh6 51. Ne4 Nxg4+ 52. Kd4 Bxe4 53. Kxe4 Nf6+ 54. Kf3 Kd5 55. Ne3+ Kc5 56. Ng4 Nxg4 57. Kxg4 Kxb5 58. Kxg5 1/2-1/2


[Site "https://www.chess.com"]

[Event "Titled Tuesday Blitz May 10 Early 2022"]
[White "Saldano Dayer, Horacio"]
[Black "Melikhov, Evgeny V."]
[WhiteFideId "103411"]
[BlackFideId "4122046"]
[WhiteElo "2419"]
[BlackElo "1931"]
[Result "1-0"]
[Round "11"]
[TimeControl "180+1"]
[Date "2022.05.11"]
[WhiteClock "0:02:36"]
[BlackClock "0:02:12"]

1. e4 e5 2. Nf3 Nc6 3. Bb5 a6 4. Ba4 Nf6 5. O-O Nxe4 6. d4 b5 7. Bb3 d5 8. Nc3 Nxc3 9. bxc3 e4 10. Ng5 Be7 11. Nxf7 Kxf7 12. Qh5+ Kf8 13. Bxd5 Bd7 14. Qf7# 1-0


[Site "https://www.chess.com"]

[Event "Titled Tuesday Blitz May 10 Early 2022"]
[White "Samant Aditya S"]
[Black "Sadykov, Ramil"]
[WhiteFideId "35080580"]
[BlackFideId "24113590"]
[WhiteElo "1916"]
[BlackElo "2280"]
[Result "0-1"]
[Round "11"]
[TimeControl "180+1"]
[Date "2022.05.11"]
[WhiteClock "0:00:09"]
[BlackClock "0:00:39"]

1. e4 e5 2. Nf3 Nf6 3. Nxe5 Nxe4 4. Qe2 Qe7 5. Qxe4 d6 6. d4 dxe5 7. dxe5 Nc6 8. Bf4 g5 9. Bg3 f5 10. Qa4 f4 11. Bb5 Qxe5+ 12. Kd1 Qd6+ 13. Nd2 fxg3 14. Re1+ Be6 15. Bxc6+ bxc6 16. Qg4 Kd7 17. Qe2 gxh2 18. Kc1 Re8 19. Ne4 Qf4+ 20. Kb1 Bd6 21. g3 Qf5 22. g4 Qf4 23. a4 Bd5 24. f3 Bxe4 25. fxe4 Rxe4 26. Qd1 Rxe1 27. Qxe1 Re8 28. Qd1 Qb4 29. c3 Qe4+ 30. Ka2 Qd5+ 31. Qxd5 cxd5 0-1


[Site "https://www.chess.com"]

[Event "Titled Tuesday Blitz May 10 Early 2022"]
[White "Samunenkov, Ihor"]
[Black "Azarov, Sergei"]
[WhiteFideId "14187086"]
[BlackFideId "13501470"]
[WhiteElo "2409"]
[BlackElo "2494"]
[Result "1/2-1/2"]
[Round "11"]
[TimeControl "180+1"]
[Date "2022.05.10"]
[WhiteClock "0:00:04"]
[BlackClock "0:00:02"]

1. d4 f5 2. Nc3 Nf6 3. Bg5 d5 4. Bxf6 exf6 5. e3 Be6 6. Bd3 Nc6 7. a3 Qd7 8. Nf3 Ne7 9. Ne2 Nc8 10. Nf4 Bf7 11. h4 Nd6 12. Qe2 O-O-O 13. b3 Be7 14. c4 c6 15. c5 Ne4 16. b4 Qc7 17. Bc2 Rhe8 18. O-O Bf8 19. a4 g5 20. hxg5 fxg5 21. Nd3 Bh5 22. b5 Bg7 23. bxc6 bxc6 24. Nb4 Re6 25. Qa6+ Kd7 26. Bxe4 fxe4 27. Nxg5 Rg6 28. f4 exf3 29. Nxf3 Qg3 30. Ra2 Bxf3 31. Qb7+ Ke8 32. Nxc6 Qxg2+ 33. Rxg2 Rxg2+ 34. Kh1 Rf2+ 35. Kg1 Rg2+ 36. Kh1 Rf2+ 37. Kg1 Rg2+ 1/2-1/2


[Site "https://www.chess.com"]

[Event "Titled Tuesday Blitz May 10 Early 2022"]
[White "Sapunov, Evgeny"]
[Black "Shimanov, Aleksandr"]
[WhiteFideId "4126661"]
[BlackFideId "4198603"]
[WhiteElo "2470"]
[BlackElo "2605"]
[Result "1-0"]
[Round "11"]
[TimeControl "180+1"]
[Date "2022.05.10"]
[WhiteClock "0:00:09"]
[BlackClock "0:00:05"]

1. c4 e5 2. Nf3 Nc6 3. Nc3 Nf6 4. e3 Bb4 5. Qc2 Bxc3 6. Qxc3 Qe7 7. a3 O-O 8. d3 a5 9. b3 d5 10. cxd5 Nxd5 11. Qc2 Be6 12. Bb2 f6 13. Be2 Qf7 14. O-O Rfd8 15. Nd2 Rac8 16. Ne4 Rb8 17. Nc5 Bc8 18. Rac1 b6 19. Ne4 Nce7 20. d4 exd4 21. Bxd4 c5 22. Bb2 Be6 23. Bc4 Nc7 24. Rfd1 Ned5 25. Rd2 Rd7 26. Rcd1 Rbd8 27. h3 h6 28. Ng3 Kh8 29. Nf5 Qg6 30. Ng3 Qxc2 31. Rxc2 Ne7 32. Rxd7 Rxd7 33. f3 Bxc4 34. bxc4 a4 35. Kf2 Nc6 36. Ke2 Kg8 37. Ne4 Na5 38. Nd2 Ne8 39. Bc3 Nb3 40. Rb2 Nd6 41. Nxb3 axb3 42. Rxb3 Nxc4 43. g4 Kf7 44. h4 h5 45. gxh5 Ke6 46. e4 Ra7 47. Bb2 Kd6 48. Bc1 Kc6 49. f4 Re7 50. Kd3 b5 51. Rb1 Rd7+ 52. Ke2 Rd4 53. e5 fxe5 54. fxe5 Rxh4 55. e6 Re4+ 56. Kd3 Rxe6 57. a4 Nd6 58. axb5+ Nxb5 59. Bb2 Rh6 60. Rh1 Rh7 61. Ke4 Nd6+ 62. Kf4 Nc4 63. Bc3 Nd6 64. Be5 Nf7 65. Bc3 Kd5 66. Kf5 Nh8 67. Kg5 Kc4 68. Ba1 Kd3 69. Rd1+ Ke2 70. Rd7 c4 71. Rxg7 Rxg7+ 72. Bxg7 Nf7+ 73. Kg6 Nd8 74. Kf5 Nf7 75. Kg6 Nd8 76. h6 Ne6 77. h7 Nf4+ 78. Kf5 c3 79. Bxc3 Nd5 80. Be5 Ne3+ 81. Ke6 Kd3 82. h8=Q Ke4 83. Qh7+ Kf3 84. Bd4 Ke2 85. Qe4 1-0


[Site "https://www.chess.com"]